 Dungeon Crawl Stone Soup version 0.31-a0-654-gbe3e110b4e (webtiles) character file.

Game seed: 4072680729414387872

84 heikuro the Shield-Bearer (level 4, -4/37 HPs)
             Began as a Formicid Fighter on Aug 29, 2023.
             Killed by nerve-wracking pain
             ... invoked by an orc priest
              (14 damage)
             ... on level 3 of the Dungeon.
             The game lasted 00:02:10 (863 turns).

heikuro the Shield-Bearer (Formicid Fighter)         Turns: 863, Time: 00:02:10

Health: -4/37      AC:  7    Str: 22    XL:     4   Next: 72%
Magic:  4/4        EV:  9    Int:  8    God:
Gold:   101        SH:  5    Dex: 13    Spells: 3/3 levels left

rFire   . . .        a - +0 war axe
rCold   . . .        c - +0 buckler
rNeg    . . .        b - +0 scale mail
rPois   .            (helmet unavailable)
rElec   .            (no cloak)
rCorr   .            (no gloves)
SInv    +            (no boots)
Will    .....        (no amulet) Stlth
                     (no ring)
HPRegen 0.26/turn    (no ring)
MPRegen 0.09/turn

%: no passive effects
@: no status effects
A: permanent stasis, dig shafts and tunnels, antennae 3, four strong arms
a: Dig, Shaft Self


You were on level 3 of the Dungeon.
You visited 1 branch of the dungeon, and saw 3 of its levels.

You collected 101 gold pieces.

Inventory:

Hand Weapons
 a - a +0 war axe (weapon)
Armour
 b - a +0 scale mail (worn)
 c - a +0 buckler (worn)
Scrolls
 e - a scroll of identify {unknown}
Potions
 d - a potion of might
 f - a potion of enlightenment {unknown}


   Skills:
 + Level 4.0 Fighting
 + Level 2.8 Axes
 + Level 3.9 Armour
 + Level 4.8 Shields


You had 3 spell levels left.
You didn't know any spells.
Your spell library was empty.

Dungeon Overview and Level Annotations

Branches:
Dungeon (3/15)

Altars:

Shops:
D:1 :


Innate Abilities, Weirdness & Mutations

You cannot be hasted, slowed, berserked, paralysed or teleported.
You can dig through walls and to a lower floor.
You have a pair of large antennae on your head. (SInv)
Your four strong arms can wield two-handed weapons with a shield.


Message History

The kobold throws a stone.
The stone barely misses you.
Unknown command.
The kobold hits you but does no damage.
You closely miss the kobold.
The kobold hits you but does no damage. x2
You hit the kobold.
The kobold is severely wounded.
The kobold hits you but does no damage.
You slash the kobold!
You kill the kobold!
No target in view!
Things that are here:
a +0 short sword; a stone An orc priest comes into view.
It is wielding a +0 hand axe.
The orc priest shouts!
The orc priest mumbles some strange prayers to Beogh against you.
Pain shoots through your body!
An orc priest comes into view. It is wielding a +0 short sword.
The orc priest shouts!
You hear a shout!
You slash the orc priest!
The orc priest is heavily wounded.
The orc priest calls down the wrath of Beogh upon you.
Pain shoots through your body!
You slash the orc priest!
You kill the orc priest!
Your Fighting skill increases to level 4!
You barely miss the orc priest. The orc priest completely misses you.
The orc priest mumbles some strange prayers to Beogh against you.
You barely resist. You hit the orc priest.
The orc priest is lightly wounded.
The orc priest hits you with a +0 hand axe.
* * * LOW HITPOINT WARNING * * *
You hit the orc priest.
The orc priest is heavily wounded.
The orc priest casts a cantrip, but nothing happens.
You hit the orc priest.
The orc priest is almost dead.
The orc priest calls down the wrath of Beogh upon you.
Pain shoots through your body!
You die...

#.....<........
...#..........<.
#.#.###.....#.#
#.......#...#.#
.......#......##.#
########.#######.######
........).............
#######.....##..######.
#.....#..##.@.......
#######..###o######.
#..# ... #..#.#.#., {
#..#.#.... #..#{### ##


You could see an orc priest.

Vanquished Creatures
  An orc priest (D:3)
  A worm (D:2)
  3 dart slugs (D:2)
  7 bats
  3 endoplasms (D:1)
  3 giant cockroaches (D:2)
  6 goblins
  3 hobgoblins
  8 kobolds
  A quokka (D:3)
  A ball python (D:2)
  6 rats
43 creatures vanquished.

Notes
Turn   | Place    | Note
-------+----------+-------------------------------------------
     0 | D:1      | heikuro the Formicid Fighter began the quest for the Orb.
     0 | D:1      | Reached XP level 1. HP: 18/18 MP: 1/1
    35 | D:1      | Reached XP level 2. HP: 23/24 MP: 2/2
    45 | D:1      | Found Zouhyera's Vocational Training.
   180 | D:1      | Found a faded altar of an unknown god.
   198 | D:1      | Reached XP level 3. HP: 28/29 MP: 3/3
   694 | D:2      | Reached XP level 4. HP: 35/37 MP: 4/4
   863 | D:3      | Killed from afar by an orc priest

Illustrated notes

Levels and vault maps discovered:
D:1:      sevenhm_arrival_forest_fort_small_6, layout_rooms,
          shapermc_ecumenical_altar_mp_ritualfount, nicolae_shop_vocational
D:2:      minmay_angry_zag, layout_basic
D:3:      layout_basic, cheibrodos_sewer_entry_bend, hellmonk_no_cap

Skill      XL: |  1  2  3  4 |
---------------+-------------+-----
Fighting       | 4 |  4.0
Axes           | |  2.8
Armour         | |  3.9
Shields        | |  4.8

Action                     |  1- 3 |  4- 6 || total
---------------------------+-------+-------++-------
  Melee: War axe           |    76 |    23 ||    99
 Armour: Scale mail        |    34 |    15 ||    49
  Dodge: Dodged            |    29 |    12 ||    41
  Block: Buckler           |    28 |     7 ||    35

Table legend: (Time is in decaauts)
 A = Elapsed time spent in this place.
 B = Non-inter-level travel time spent in this place.
 C = Inter-level travel time spent in this place.
 D = Time resting spent in this place.
 E = Time spent auto-exploring this place.
 F = Levels seen in this place.
 G = Mean time per level.
                   A        B        C        D        E       F      G
               +--------+--------+--------+--------+--------+-----+--------+
         Total |    904 |    865 |     39 |      0 |    497 |   3 |  301.3 |
       Dungeon |    904 |    865 |     39 |      0 |    497 |   3 |  301.3 |
               +--------+--------+--------+--------+--------+-----+--------+

Top non-repeatable levels by time:
     D:1: 484 daAuts
     D:2: 391 daAuts
     D:3: 28 daAuts
